 Dungeon Crawl Stone Soup version 0.27-a0-679-g77a6b55cf3 (webtiles) character file.

Game seed: 2799771665661046177

56 robertstho the Chiller (level 3, -2/26 HPs)
             Began as a Gnoll Ice Elementalist on Mar 18, 2021.
             Slain by an orc
             ... wielding a +0 club
              (8 damage)
             ... on level 3 of the Dungeon.
             The game lasted 00:01:50 (2611 turns).

robertstho the Chiller (Gnoll Ice Elementalist)     Turns: 2611, Time: 00:01:51

Health: -2/26      AC:  2    Str:  7    XL:     3   Next: 95%
Magic:  7/9        EV: 13    Int: 15    God:
Gold:   85         SH:  0    Dex: 12    Spells: 11/12 levels left

rFire    . . .     SeeInvis .   k - +0 war axe
rCold    . . .     Faith    .   (no shield)
rNeg     . . .     Spirit   .   a - +0 robe
rPois    .         Reflect  .   (no helmet)
rElec    .         Harm     .   (no cloak)
rCorr    .         Rampage  .   (no gloves)
Will     .....                  (no boots)
Stlth    ++........             (no amulet)
HPRegen  0.08/turn              (no ring)
MPRegen  0.11/turn              (no ring)

@: no status effects
A: fangs 1, strong nose, distributed training
a: no special abilities


You were on level 3 of the Dungeon.
You visited 1 branch of the dungeon, and saw 3 of its levels.

You collected 85 gold pieces.

Inventory:

Hand Weapons
 i - a +0 dagger
 k - a +0 war axe (weapon)
Armour
 a - a +0 robe (worn)
Scrolls
 e - 2 scrolls of noise {unknown}
 f - 3 scrolls of blinking {unknown}
 g - 3 scrolls of identify {unknown}
 h - 2 scrolls of vulnerability {unknown}
 j - a scroll of fear {unknown}
 m - a scroll of amnesia {unknown}
Potions
 b - a potion of attraction {unknown}
 c - a potion of heal wounds
 d - a potion of brilliance {unknown}
 l - a potion of flight {unknown}


   Skills:
 + Level 1.0 Fighting
 + Level 1.0 Short Blades
 + Level 1.0 Long Blades
 + Level 1.0 Axes
 + Level 1.0 Maces & Flails
 + Level 1.0 Polearms
 + Level 1.0 Staves
 + Level 1.0 Slings
 + Level 1.0 Bows
 + Level 1.0 Crossbows
 + Level 1.0 Throwing
 + Level 1.0 Armour
 + Level 4.6 Dodging
 + Level 4.2 Stealth
 + Level 1.0 Shields
 + Level 1.0 Unarmed Combat
 + Level 5.0 Spellcasting
 + Level 0.7 Conjurations
 + Level 0.7 Hexes
 + Level 0.7 Summonings
 + Level 0.7 Necromancy
 + Level 0.7 Translocations
 + Level 0.7 Transmutations
 + Level 0.7 Fire Magic
 + Level 7.1 Ice Magic
 + Level 0.7 Air Magic
 + Level 0.7 Earth Magic
 + Level 0.7 Poison Magic
 + Level 1.0 Invocations
 + Level 1.0 Evocations


You had 11 spell levels left.
You knew the following spells:

 Your Spells              Type           Power      Damage    Failure   Level
a - Freeze                Ice            100%       1d11      1%          1

Your spell library contained the following spells:

 Spells                   Type           Power      Damage    Failure   Level
 Frozen Ramparts          Ice            50%        1d7       2%          3
 Ozocubu's Armour         Ice            25%        N/A       2%          3
 Hailstorm                Conj/Ice       15%        3d5       32%         4
 Summon Ice Beast         Ice/Summ       15%        N/A       32%         4


Dungeon Overview and Level Annotations

Branches:
Dungeon (3/15)

Altars:
Ru


Innate Abilities, Weirdness & Mutations

You have very sharp teeth.
Your uncanny sense of smell can sniff out nearby items.
Your experience applies equally to all skills.


Message History

There are monsters nearby!
There are monsters nearby!
You closely miss the adder.
The adder hisses angrily.
The adder bites you.
Casting: Freeze (safe; 1% risk of failure)
Confirm with . or Enter, or press ? or * to list all spells.
Aiming: Freeze (safe; 1% risk of failure)
Press: ? - help, Shift-Dir - straight line, f - adder
Aim: an adder You freeze the adder!
The adder is almost dead.
The adder seems to slow down.
The adder bites you.
Unknown command.
Casting: Freeze (safe; 1% risk of failure)
Confirm with . or Enter, or press ? or * to list all spells.
Aiming: Freeze (safe; 1% risk of failure)
Press: ? - help, Shift-Dir - straight line, f/p - adder
Aim: an adder (almost dead, slow)
You freeze the adder.
You kill the adder!
The orc hits you with a +0 whip.
Your Fighting skill increases to level 1!
Your Short Blades skill increases to level 1!
Your Long Blades skill increases to level 1!
Your Axes skill increases to level 1!
Your Maces & Flails skill increases to level 1!
Your Polearms skill increases to level 1!
Your Staves skill increases to level 1!
Your Slings skill increases to level 1!
Your Bows skill increases to level 1!
Your Crossbows skill increases to level 1!
Your Throwing skill increases to level 1!
Your Armour skill increases to level 1!
Your Shields skill increases to level 1!
Your Unarmed Combat skill increases to level 1!
Your Evocations skill increases to level 1!
The orc hits you with a +0 dagger. The orc hits you with a +0 whip.
* * * LOW HITPOINT WARNING * * *
The orc hits you with a +0 club!
You die...

##############
.............
#...o...#
#...o@..#
.(....oS..#
.....g....#
.##!>.....#
#...$...#
#.......#
####.#.## #.
.#


You could see an adder, 3 orcs and a goblin.

Vanquished Creatures
  2 adders
  A dart slug (D:1)
  3 bats
  2 giant cockroaches
  5 hobgoblins
  8 kobolds
  2 quokkas (D:2)
  3 frilled lizards
  3 goblins
  6 rats
35 creatures vanquished.

Notes
Turn   | Place    | Note
-------+----------+-------------------------------------------
     0 | D:1      | robertstho the Gnoll Ice Elementalist began the quest for
                  | the Orb.
     0 | D:1      | Reached XP level 1. HP: 13/13 MP: 6/6
   255 | D:1      | Reached XP level 2. HP: 19/19 MP: 5/7
  1550 | D:2      | Reached skill level 5 in Spellcasting
  1550 | D:2      | Reached XP level 3. HP: 9/25 MP: 2/9
  2092 | D:2      | Reached skill level 1 in Invocations
  2452 | D:2      | Found a sacrificial altar of Ru.
  2611 | D:3      | Reached skill level 1 in Fighting
  2611 | D:3      | Reached skill level 1 in Short Blades
  2611 | D:3      | Reached skill level 1 in Long Blades
  2611 | D:3      | Reached skill level 1 in Axes
  2611 | D:3      | Reached skill level 1 in Maces & Flails
  2611 | D:3      | Reached skill level 1 in Polearms
  2611 | D:3      | Reached skill level 1 in Staves
  2611 | D:3      | Reached skill level 1 in Slings
  2611 | D:3      | Reached skill level 1 in Bows
  2611 | D:3      | Reached skill level 1 in Crossbows
  2611 | D:3      | Reached skill level 1 in Throwing
  2611 | D:3      | Reached skill level 1 in Armour
  2611 | D:3      | Reached skill level 1 in Shields
  2611 | D:3      | Reached skill level 1 in Unarmed Combat
  2611 | D:3      | Reached skill level 1 in Evocations
  2611 | D:3      | Slain by an orc

Illustrated notes

Levels and vault maps discovered:
D:1:      eino_arrival_druids_welcome, layout_basic, hangedman_decor_points,
          kennysheep_crisscross
D:2:      layout_basic, marbit_many_paths
D:3:      layout_loops_ring, nicolae_kikubaaqudgha_miasma_corner,
          ebering_ghost_sewer_d

Skill      XL: |  1  2  3 |
---------------+----------+-----
Spellcasting   | 5 |  5.0
Invocations    | 1 |  1.0
Fighting       | 1 |  1.0
Short Blades   | 1 |  1.0
Long Blades    | 1 |  1.0
Axes           | 1 |  1.0
Maces & Flails | 1 |  1.0
Polearms       | 1 |  1.0
Staves         | 1 |  1.0
Slings         | 1 |  1.0
Bows           | 1 |  1.0
Crossbows      | 1 |  1.0
Throwing       | 1 |  1.0
Armour         | 1 |  1.0
Shields        | 1 |  1.0
Unarmed Combat | 1 |  1.0
Evocations     | 1 |  1.0
Dodging        | |  4.6
Stealth        | |  4.2
Conjurations   | |  0.7
Hexes          | |  0.7
Summonings     | |  0.7
Necromancy     | |  0.7
Translocations | |  0.7
Transmutations | |  0.7
Fire Magic     | |  0.7
Ice Magic      | |  7.1
Air Magic      | |  0.7
Earth Magic    | |  0.7
Poison Magic   | |  0.7

Action                   || total
-------------------------++-------
Melee: Unarmed           ||    31
       Dagger            ||     4
       War axe           ||    34
       Bite              ||     5
 Cast: Freeze            ||    26
  Use: Potion            ||     1
 Stab: Sleeping          ||     7
Armor: Robe              ||    17
Dodge: Dodged            ||    70

Table legend: (Time is in decaauts)
 A = Elapsed time spent in this place.
 B = Non-inter-level travel time spent in this place.
 C = Inter-level travel time spent in this place.
 D = Time resting spent in this place.
 E = Time spent auto-exploring this place.
 F = Levels seen in this place.
 G = Mean time per level.
                   A        B        C        D        E       F      G
               +--------+--------+--------+--------+--------+-----+--------+
         Total |   2625 |   2592 |     33 |      0 |   2335 |   3 |  875.0 |
       Dungeon |   2625 |   2592 |     33 |      0 |   2335 |   3 |  875.0 |
               +--------+--------+--------+--------+--------+-----+--------+

Top non-repeatable levels by time:
     D:1: 1465 daAuts
     D:2: 1155 daAuts
     D:3: 4 daAuts
